 Dungeon Crawl Stone Soup version 0.27.1-34-g3ba077fa99 (webtiles) character file.

Game seed: 5532903568905184781

229 Orthodox the Skirmisher (level 5, -1/44 HPs)
             Began as a Demonspawn Fighter on Jan 21, 2022.
             Succumbed to an adder's poison
             ... on level 2 of the Dungeon.
             The game lasted 00:05:04 (2198 turns).

Orthodox the Skirmisher (Demonspawn Fighter)        Turns: 2198, Time: 00:05:05

Health: -1/44      AC:  6    Str: 18    XL:     5   Next: 71%
Magic:  5/5        EV:  7    Int: 11    God:
Gold:   88         SH:  8    Dex: 12    Spells: 4/4 levels left

rFire    . . .     SeeInvis +   a - +0 long sword
rCold    . . .     Faith    .   c - +0 kite shield
rNeg     . . .     Spirit   .   b - +0 scale mail
rPois    .         Reflect  .   (no helmet)
rElec    .         Harm     .   (no cloak)
rCorr    .         Rampage  .   (no gloves)
Will     .....                  (no boots)
Stlth    ..........             (no amulet)
HPRegen  0.14/turn              k - ring of see invisible
MPRegen  0.09/turn              (no ring)

@: lethally poisoned (-1 -> -12)
A: demonic guardian 1, big brain 1
a: no special abilities


You were on level 2 of the Dungeon.
You visited 1 branch of the dungeon, and saw 2 of its levels.

You collected 88 gold pieces.

Inventory:

Hand Weapons
 a - a +0 long sword (weapon)
Armour
 b - a +0 scale mail (worn)
 c - a +0 kite shield (worn)
Jewellery
 k - a ring of see invisible (left hand)
Scrolls
 e - a scroll of fog {unknown}
 g - a scroll of teleportation {unknown}
 h - 2 scrolls of identify {unknown}
 i - a scroll of fear {unknown}
 j - a scroll of brand weapon {unknown}
 l - a scroll of blinking {unknown}
 m - a scroll of amnesia {unknown}
Potions
 d - a potion of might
 f - 2 potions of flight


   Skills:
 + Level 5.0 Fighting
 + Level 4.0 Long Blades
 - Level 2.6 Armour
 - Level 2.6 Shields


You had 4 spell levels left.
You didn't know any spells.
Your spell library was empty.

Dungeon Overview and Level Annotations

Branches:
Dungeon (2/15)

Altars:
Beogh

Annotations:
D:1 exclusion: door


Innate Abilities, Weirdness & Mutations

A weak demonic guardian rushes to your aid.
You have an unusually large brain. (Int +2)


Message History

The goblin hits you with a +0 dagger. You block the adder's attack.
The goblin hits you with a +0 dagger.
You closely miss the adder. The adder barely misses you.
You block the adder's attack. You block the goblin's attack.
You barely miss the adder. You block the adder's attack.
The goblin hits you with a +0 dagger. You block the adder's attack.
You hit the adder.
The adder is lightly wounded.
You block the goblin's attack. The adder bites you.
You are poisoned.
The adder poisons you! The goblin closely misses you.
You block the adder's attack.
You hit the adder.
The adder is moderately wounded.
You feel sick. You block the adder's attack.
The goblin hits you with a +0 dagger. The adder bites you.
You barely miss the adder.
The adder is moderately wounded.
You feel sick. The goblin hits you but does no damage. The adder bites you.
You are more poisoned.
The adder poisons you! The goblin hits you but does no damage.
The adder barely misses you.
You are too injured to fight recklessly!
You are too injured to fight recklessly!
You feel sick. You block the adder's attack.
You barely miss the adder.
The adder is moderately wounded.
You feel very sick. The adder bites you.
* * * LOW HITPOINT WARNING * * *
You are lethally poisoned!
The adder poisons you! The goblin hits you but does no damage.
The adder bites you.
* * * LOW HITPOINT WARNING * * *
A demonic guardian appears!
The goblin hits you with a +0 dagger.
* * * LOW HITPOINT WARNING * * *
Okay, then.
You closely miss the adder.
The adder is moderately wounded.
You die...

........ #...#
######## #...#
..####### #...#..
### ....##..#
#...#. #..
....##..# +...' #..
....##..# #...# #..
....##..# #...# #..
........##
####...#### ####..
##'#####'#
#.@#...#..# #.....
#.#.....#
#.Sg...'..# #.....
##.#.##..#
####5..########....
.....##..#
##.#......##....
..#####..#
.##........######
....# #...
...'........#.....
....# #.###
...##......###.....
....# #.#
...................
..### #.#
..##..............


You could see an adder, a goblin (ally target) and a friendly shadow imp
(summoned).

Vanquished Creatures
  Sigmund (D:2)
  2 adders (D:2)
  3 dart slugs
  3 bats
  5 endoplasms
  3 giant cockroaches (D:2)
  7 goblins
  2 hobgoblins (D:1)
  A jackal (D:1)
  2 quokkas
  3 ball pythons
  2 frilled lizards
  2 kobolds (D:1)
  3 rats (D:1)
39 creatures vanquished.

Vanquished Creatures (collateral kills)
  An adder (D:2)
1 creature vanquished.

Grand Total: 40 creatures vanquished

Notes
Turn   | Place    | Note
-------+----------+-------------------------------------------
     0 | D:1      | Orthodox the Demonspawn Fighter began the quest for the
                  | Orb.
     0 | D:1      | Reached XP level 1. HP: 18/18 MP: 1/1
    50 | D:1      | Noticed an orc wizard
    50 | D:1      | Noticed an orc priest
    50 | D:1      | Noticed an orc warrior
    50 | D:1      | Noticed an orc priest
   363 | D:1      | Found a faded altar of an unknown god.
   394 | D:1      | Gained mutation: A weak demonic guardian rushes to your
                  | aid. [demonic ancestry]
   394 | D:1      | Reached XP level 2. HP: 24/24 MP: 2/2
  1280 | D:2      | Gained mutation: You have an unusually large brain. (Int
                  | +2) [demonic ancestry]
  1280 | D:2      | Reached XP level 3. HP: 21/30 MP: 3/3
  1615 | D:2      | Reached skill level 4 in Fighting
  1800 | D:2      | Reached XP level 4. HP: 37/37 MP: 4/4
  1938 | D:2      | Noticed Sigmund
  1983 | D:2      | Killed Sigmund
  1984 | D:2      | Reached skill level 5 in Fighting
  1984 | D:2      | Reached XP level 5. HP: 44/44 MP: 5/5
  2198 | D:2      | Succumbed to an adder's poison

Illustrated notes

Levels and vault maps discovered:
D:1:      erik_arrival_cave_to_civilisation [erik_arrival_cave_to_temple],
          layout_basic, shapermc_ecumenical_altar_notcrosses, minivault_23,
          kennysheep_boxes
D:2:      layout_basic, minmay_snake_closets, uniq_sigmund

Skill      XL: |  1  2  3  4 |
---------------+-------------+-----
Long Blades    | 2 3 4 |  4.0
Fighting       | 4 5 |  5.0
Armour         | |  2.6
Shields        | |  2.6

Action                   |  1- 3 |  4- 6 || total
-------------------------+-------+-------++-------
Melee: Long sword        |    89 |    38 ||   127
  Use: Potion            |       |     4 ||     4
Armor: Scale mail        |    45 |    10 ||    55
       Skin              |       |     6 ||     6
Dodge: Dodged            |    26 |     8 ||    34
Block: Kite shield       |    45 |    18 ||    63
       Rpst.: Long sword |    15 |     1 ||    16
